 Dungeon Crawl Stone Soup version 0.24.0-1-gfbc8707122 (webtiles) character file.

Game seed: 1748772823112798743, levelgen mode: deterministic

760474 Monsterracer the Conqueror (level 27, -1/199 HPs)
             Began as a Gargoyle Monk on Oct 25, 2019.
             Was the Champion of Zin.
             Killed by the air
             ... invoked by a titan
             ... created by the fury of Okawaru
              (43 damage)
             ... on level 3 of the Abyss on Oct 26, 2019.
             The game lasted 02:18:19 (80822 turns).

Monsterracer the Conqueror (Gargoyle Monk)         Turns: 80822, Time: 02:18:20

Health: -1/199     AC: 61    Str: 25      XL:     27
Magic:  37/37      EV: 11    Int: 13 (14) God:    Zin [******]
Gold:   946        SH: 29    Dex: 11 (12) Spells: 22/26 levels left

rFire    + + .     SeeInvis +   a - +5 broad axe (chop)
rCold    + + .     Gourm    .   G - +1 large shield {rN+}
rNeg     + + .     Faith    .   D - +5 gold dragon scales
rPois    ∞         Spirit   .   U - +2 helmet {SInv}
rElec    +         Reflect  +   J - scarf {rC+ rF+}
rCorr    +         Harm     .   v - +2 pair of gloves
MR       +++..     Rnd*Rage +   u - +2 pair of boots {run}
Stlth    ..........             H - +5 amulet of reflection
HPRegen  0.43/turn              M - ring of protection from magic
MPRegen  0.25/turn              L - ring of resist corrosion

@: about to teleport, flying, studying Stealth, quick
A: big wings, berserk 1, blurry vision 3, deterioration 1, negative energy
resistance 1, electricity resistance, unbreathing, petrification resistance, rot
immunity, AC +20
}: 4/15 runes: serpentine, barnacled, slimy, silver
a: Stop Flying, Recite, Vitalisation, Imprison, Sanctuary, Donate Gold, Renounce
Religion


You were on level 3 of the Abyss.
You worshipped Zin.
Zin was exalted by your worship.
You were not hungry.

You visited 12 branches of the dungeon, and saw 56 of its levels.
You visited the Abyss 5 times.
You visited 1 bazaar.
You also visited: Gauntlet, Ice Cave, Volcano and Wizlab.

You collected 7055 gold pieces.
You spent 3588 gold pieces at shops.
You donated 2521 gold pieces to Zin.

Inventory:

Hand Weapons
 a - a +5 broad axe of chopping (weapon)
   (Okawaru gifted it to you on level 4 of the Vaults)
 b - a +4 vampiric broad axe
   (Okawaru gifted it to you on level 1 of the Vaults)
Missiles
 I - 10 throwing nets (quivered) {!f}
Armour
 u - a +2 pair of boots of running (worn)
   (Okawaru gifted it to you on level 3 of the Vaults)
 v - a +2 pair of gloves (worn)
   (You bought it in a shop on level 3 of the Snake Pit)
 D - +5 gold dragon scales (worn)
   (You found it on level 5 of the Vaults)
 G - a +1 large shield of positive energy (worn)
   (Okawaru gifted it to you on level 6 of the Lair of Beasts)
 J - a scarf of resistance (worn)
   (You found it on level 14 of the Dungeon)
 U - a +2 helmet of see invisible (worn)
   (Okawaru gifted it to you on level 11 of the Dungeon)
 Y - the +2 hat of the Bear Spirit {Spirit, +Rage rN+ MR++}
   (You found it on level 5 of the Pits of Slime)

   It protects you from negative energy.
   It affects your resistance to hostile enchantments.
   It lets you go berserk.
Jewellery
 z - the ring of Imuthrige {rF+ rC+ rN+ Dex+4}
   (You found it on level 1 of the Abyss)

   [ring of protection from fire]

   It affects your dexterity (+4).
   It protects you from fire.
   It protects you from cold.
   It protects you from negative energy.
 H - a +5 amulet of reflection (around neck)
   (You bought it in a shop on level 2 of the Orcish Mines)
 L - a ring of resist corrosion (right hand)
   (You found it on level 15 of the Dungeon)
 M - a ring of protection from magic (left hand)
   (You found it on level 3 of the Dungeon)
Wands
 n - a wand of paralysis (37)
   (You found it on level 7 of the Dungeon)
 w - a wand of scattershot (18)
   (You took it off Fannar on level 12 of the Dungeon)
 A - a wand of iceblast (50)
   (You found it in a Gauntlet)
 K - a wand of acid (28)
   (You found it on level 4 of the Dungeon)
 P - a wand of clouds (11)
   (You took it off an ironbrand convoker on level 2 of the Vaults)
 S - a wand of digging (14)
   (You found it on level 11 of the Dungeon)
Scrolls
 f - 3 scrolls of identify
 m - 5 scrolls of magic mapping
 q - 5 scrolls of fear {!r}
 r - 16 scrolls of remove curse
 s - 3 scrolls of summoning {!r}
 t - 18 scrolls of teleportation {!r}
 E - 6 scrolls of fog
 N - 3 scrolls of holy word
 X - 6 scrolls of blinking
Potions
 d - 4 potions of heal wounds
 e - 25 potions of curing
 g - 7 potions of agility
 h - 3 potions of haste
 i - 4 potions of berserk rage {!q}
 j - 4 potions of might
 k - 4 potions of invisibility
 o - 2 potions of cancellation
 B - 5 potions of resistance
 R - 5 potions of magic
Books
 l - a manual of Fighting
   (You found it on level 3 of the Depths)
 y - a manual of Stealth
   (You found it on level 3 of the Depths)
Miscellaneous
 p - a lamp of fire
   (You found it on level 5 of the Vaults)
 x - 6 boxes of beasts
 Q - 4 phantom mirrors
 T - a phial of floods
   (You found it on level 4 of the Shoals)
 V - 2 sacks of spiders
 W - a fan of gales
   (You found it on level 4 of the Depths)
Comestibles
 c - 75 rations
 C - a chunk of flesh


   Skills:
 O Level 27 Fighting
 + Level 19.8(21.2) Axes
   Level 7.8(17.1) Maces & Flails
   Level 12.8(18.4) Polearms
   Level 10.7(14.2) Staves
 + Level 21.6 Armour
 + Level 14.6 Dodging
 - Level 2.1 Stealth
 + Level 20.6 Shields
 * Level 20.0 Invocations
 - Level 10.0 Evocations


You had 22 spell levels left.
You knew the following spells:

 Your Spells              Type           Power        Failure   Level  Hunger
j - Regeneration          Chrm/Necr      #.........   100%        3    ####...
z - Apportation           Tloc           #.....       100%        1    ##.....

Your spell library contained the following spells:

 Spells                   Type           Power        Failure   Level  Hunger
 Animate Skeleton         Necr           N/A          100%        1    ##.....
 Confusing Touch          Hex            #.....       100%        1    ##.....
 Corona                   Hex            #......      100%        1    ##.....
 Flame Tongue             Conj/Fire      #....        100%        1    ##.....
 Infusion                 Chrm           #...         100%        1    ##.....
 Pain                     Necr           #...         100%        1    ##.....
 Sandblast                Erth           #.....       100%        1    ##.....
 Sting                    Conj/Pois      #...         100%        1    ##.....
 Summon Butterflies       Summ           #.......     100%        1    ##.....
 Summon Small Mammal      Summ           #...         100%        1    ##.....
 Call Imp                 Summ           #.......     100%        2    ###....
 Corpse Rot               Necr           N/A          100%        2    ###....
 Ensorcelled Hibernation  Hex/Ice        #.....       100%        2    ###....
 Passwall                 Tmut/Erth      #.......     100%        2    ###....
 Poisonous Vapours        Pois/Air       #.....       100%        2    ###....
 Shroud of Golubria       Chrm/Tloc      #.....       100%        2    ###....
 Slow                     Hex            #.......     100%        2    ###....
 Song of Slaying          Chrm           #.......     100%        2    ###....
 Call Canine Familiar     Summ           #.......     100%        3    ####...
 Confuse                  Hex            #.......     100%        3    ####...
 Conjure Flame            Conj/Fire      #.......     100%        3    ####...
 Dazzling Spray           Conj/Hex       #.....       100%        3    ####...
 Gell's Gravitas          Tloc           #.........   100%        3    ####...
 Ignite Poison            Fire/Tmut/Pois #.......     100%        3    ####...
 Lesser Beckoning         Tloc           #.........   100%        3    ####...
 Mephitic Cloud           Conj/Pois/Air  #.......     100%        3    ####...
 Recall                   Summ/Tloc      N/A          100%        3    ####...
 Spectral Weapon          Hex/Chrm       #.......     100%        3    ####...
 Stone Arrow              Conj/Erth      #.....       100%        3    ####...
 Summon Guardian Golem    Hex/Summ       #.......     100%        3    ####...
 Tukima's Dance           Hex            #.......     100%        3    ####...
 Vampiric Draining        Necr           #.........   100%        3    ####...
 Animate Dead             Necr           N/A          100%        4    #####..
 Cause Fear               Hex            #.........   100%        4    #####..
 Ice Form                 Ice/Tmut       #.......     100%        4    #####..
 Leda's Liquefaction      Hex/Erth       #.........   100%        4    #####..
 Olgreb's Toxic Radiance  Pois           #.......     100%        4    #####..
 Petrify                  Tmut/Erth      #.......     100%        4    #####..
 Summon Ice Beast         Ice/Summ       #.......     100%        4    #####..
 Summon Lightning Spire   Summ/Air       #.......     100%        4    #####..
 Throw Icicle             Conj/Ice       #.......     100%        4    #####..
 Agony                    Necr           #.......     100%        5    ######.
 Alistair's Intoxication  Tmut/Pois      #.......     100%        5    ######.
 Aura of Abjuration       Summ           #.........   100%        5    ######.
 Bolt of Draining         Conj/Necr      #.........   100%        5    ######.
 Borgnjor's Vile Clutch   Necr/Erth      #.........   100%        5    ######.
 Dispel Undead            Necr           #.......     100%        5    ######.
 Excruciating Wounds      Chrm/Necr      #.........   100%        5    ######.
 Fireball                 Conj/Fire      #.........   100%        5    ######.
 Irradiate                Conj/Tmut      #.........   100%        5    ######.
 Lee's Rapid Deconstruct  Erth           #.........   100%        5    ######.
 Metabolic Englaciation   Hex/Ice        #.........   100%        5    ######.
 Silence                  Hex/Air        #.........   100%        5    ######.
 Summon Demon             Summ           #.........   100%        5    ######.
 Summon Forest            Summ/Tloc      #.........   100%        5    ######.
 Summon Mana Viper        Hex/Summ       #.......     100%        5    ######.
 Venom Bolt               Conj/Pois      #.........   100%        5    ######.
 Yara's Violent Unravell  Hex/Tmut       #.........   100%        5    ######.
 Bolt of Cold             Conj/Ice       #.........   100%        6    #######
 Bolt of Fire             Conj/Fire      #.........   100%        6    #######
 Death Channel            Necr           #.........   100%        6    #######
 Freezing Cloud           Conj/Ice/Air   #.........   100%        6    #######
 Hydra Form               Tmut           #.........   100%        6    #######
 Invisibility             Hex            #.......     100%        6    #######
 Ozocubu's Refrigeration  Ice            #.........   100%        6    #######
 Shadow Creatures         Summ           N/A          100%        6    #######
 Simulacrum               Ice/Necr       #.........   100%        6    #######
 Dragon Form              Tmut           #.........   100%        7    #######
 Malign Gateway           Summ/Tloc      #.........   100%        7    #######
 Monstrous Menagerie      Summ           #.........   100%        7    #######
 Ring of Flames           Chrm/Fire      #.........   100%        7    #######
 Summon Greater Demon     Summ           #.........   100%        7    #######
 Summon Hydra             Summ           #.........   100%        7    #######
 Ignition                 Fire           #.........   100%        8    #######
 Summon Horrible Things   Summ           #.........   100%        8    #######
 Dragon's Call            Summ           #.........   100%        9    #######
 Sublimation of Blood     Necr           Unusable     N/A         2    N/A
 Statue Form              Tmut/Erth      Unusable     N/A         6    N/A

Dungeon Overview and Level Annotations

Branches:
Dungeon (15/15)            Temple (1/1) D:6            Lair (6/6) D:11
 Shoals (4/4) Lair:2        Snake (4/4) Lair:2        Slime (5/5) Lair:5
    Orc (2/2) D:9             Elf (0/3) Orc:2        Vaults (5/5) D:14
  Crypt (0/3) Vaults:2     Depths (5/5) D:15           Hell (visited)
    Dis (0/7) Hell            Geh (0/7) Hell            Coc (0/7) Hell
    Tar (3/7) Hell            Zot (5/5) Depths:5      IceCv (visited)
Volcano (visited)          WizLab (visited)         Gauntlet (visited)

Altars:
Ashenzari
Cheibriados
Dithmenos
Elyvilon
Fedhas
Gozag
Hepliaklqana
Kikubaaqudgha
Makhleb
Nemelex Xobeh
Okawaru
Qazlal
Ru
Sif Muna
Trog
Uskayaw
Vehumet
Wu Jian
Xom
Yredelemnul
Zin
The Shining One
Beogh
Jiyva
Lugonu

Shops:
D:5 *   Orc:2 =*([   Snake:2 *   Snake:3 ([((   Snake:4 %   Vaults:1 }
Vaults:4 [   Depths:1 %?   Depths:2 :   Depths:4 :[(

Portals:
Hell: Lair:6 Depths:1 Depths:2 Depths:3 Depths:4 Depths:5
Abyss: Depths:1 Depths:4
Pandemonium: Depths:1 Depths:2 Depths:3
Ziggurat: Depths:4
Trove: Depths:1 (give 7 potions of haste)

Annotations:
Lair:2 exclusion: 2 oklob plants
Lair:4 exclusion: oklob plant
Shoals:1 1 runed translucent door, archon2's ghost, adept DEFE
Zot:2 2 transporters, Dawneret's ghost, master GnFi


Innate Abilities, Weirdness & Mutations

You are resistant to torment.
Your stone body is resilient. (AC +20)
You are immune to poison.
Your large and strong wings let you fly indefinitely.
You resist negative energy. (rN+)
You are resistant to electric shocks. (rElec)
You can survive without breathing.
You are immune to petrification.
You are immune to rotting.
You tend to lose your temper in combat.
Scrolls take you much longer to read.
Your body sometimes deteriorates upon taking damage.


Message History

You destroy the battlesphere!
You slice the titan!!
The deep elf archer blinks!
The deep elf master archer shoots an arrow.
You reflect the arrow off an invisible shield around you!
The arrow misses the deep elf master archer.
The arrow hits the ynoxinul!!
The arrow disappears in a puff of smoke!
The titan waves its arms in wide circles.
The air twists around and violently strikes you in flight!!
The titan casts a spell.
The titan is healed somewhat.
You slash the titan!
The titan is heavily wounded.
You miss the deep elf master archer.
The lich casts a spell.
The deep elf master archer shoots an arrow.
You reflect the arrow off an invisible shield around you!
The arrow misses the deep elf master archer.
The arrow misses the ynoxinul.
The arrow disappears in a puff of smoke!
The deep elf knight gestures wildly while chanting.
The deep elf knight seems to speed up.
You slash the titan!
The titan is heavily wounded.
You hit the deep elf master archer.
The titan waves its arms in wide circles.
The air twists around and violently strikes you in flight.
The titan completely misses you.
The deep elf master archer shoots an arrow.
You reflect the arrow off an invisible shield around you!
The arrow hits the deep elf master archer!!
The arrow disappears in a puff of smoke!
Unknown command.
You hit the titan.
The titan is heavily wounded.
You slash the deep elf mage! You slash the deep elf master archer!
You kill the deep elf master archer!
That felt strangely unrewarding.
The ynoxinul gestures at you.
The iron shot reflects off an invisible shield around you!
The iron shot hits the ynoxinul!!
You kill the ynoxinul!
The titan hits you!!
* * * LOW HITPOINT WARNING * * *
Unknown command.
Really read
t - 19 scrolls of teleportation {!r}?
Really read with blurry vision while enemies are nearby?
The deep elf mage hits you but does no damage.
The fire giant casts a spell at you.
The bolt of fire hits the fire giant.
The fire giant resists.
The bolt of fire hits you but does no damage.
The titan waves its arms in wide circles.
The air twists around and violently strikes you in flight!!
* * * LOW HITPOINT WARNING * * *
Your body deteriorates!
You feel clumsy.
You block the small abomination's attack.
You begin reading the scroll.
You continue reading the scroll.
The smoke demon roars!
You hear a roar!
You block the deep elf mage's attack.
Tentacles burst from the starspawn's body!
You block the orange demon's attack.
The titan waves its arms in wide circles.
The air twists around and violently strikes you in flight!!
* * * LOW HITPOINT WARNING * * *
You continue reading the scroll.
The fire giant casts a spell at you. The bolt of fire hits you. You resist.
* * * LOW HITPOINT WARNING * * *
The bolt of fire hits the small abomination!!!
The small abomination is destroyed!
The deep elf mage mumbles some strange words.
The deep elf mage blinks!
You block the deep elf mage's attack. You block the titan's attack.
You block the starspawn tentacle's attack.
The white imp gestures at you.
The puff of frost hits you but does no damage.
As you read the scroll of teleportation {!r}, it crumbles to dust.
You feel strangely unstable.
You feel the power of the Abyss delaying your translocation!
You feel much better. You block the fire giant's attack.
You block the deep elf mage's attack.
The deep elf mage splashes around in the water.
The titan hits you!
* * * LOW HITPOINT WARNING * * *
You block the starspawn tentacle's attack.
Unknown command.
Unknown command.
Unknown command.
Really read with blurry vision while enemies are nearby?
The deep elf mage mumbles some strange words.
You block the fire giant's attack.
The deep elf mage splashes around in the water.
The green death gestures at you.
The bolt of poison hits the lich.
The lich completely resists.
The bolt of poison hits you but does no damage.
You resist.
A tentacle flies out from the starspawn's body!
The titan waves its arms in wide circles.
The air twists around and violently strikes you in flight!!!
You die...

.#≈≈≈. ..≈≈≈≈.#
..##≈≈≈. ..
#..#≈≈≈. ..
..#§#≈3≈##. #...
#..#≈r≈.#......
#.#.#rwe#...#.. .
##4XC@5.#.....#
###.w#eLCs..#..#
§...C§2Ce...#..#
...###§≈e≈#.....#
....e##§≈≈≈....##
...#...≈≈≈#...# .
.##....§≈≈≈ ...
.. #
#...≈≈≈≈#..#.#. #
#L# ##≈ #.. ..


You could see 2 titans, 2 fire giants, a tentacled starspawn, a lich, a green
death, a demonic crawler, an orange demon, a deep elf archer, a deep elf knight,
2 deep elf magi, a smoke demon, 2 starspawn tentacles, 2 hell rats and a white
imp.

Vanquished Creatures
  the Royal Jelly (Slime:5)
  10 ancient liches (Zot:1 Zot:5 Abyss:1)
  8 orbs of fire (Zot:1 Zot:4 Zot:5)
  Mara (Snake:4)
  A juggernaut (Depths:4)
  5 Killer Klowns (Zot:5)
  A caustic shrike (shapeshifter) (Vaults:5)
  Xtahua (Depths:3)
  A caustic shrike (Depths:2)
  2 curse toes (Zot:3 Zot:4)
  10 golden dragons (Vaults:5 Zot:2 Zot:4 Zot:5 Depths:3)
  Geryon (Hell)
  5 bone dragons (Hell Abyss:3 Abyss:1)
  A doom hound (Hell)
  8 Tzitzimimeh (Tar:1 Tar:2 Tar:3)
  7 electric golems (Zot:1 Zot:2 Zot:3 Zot:4 Zot:5)
  8 liches (Depths:1 Depths:5 Depths:3 Depths:2 Hell)
  18 tentacled monstrosities (Vaults:5 Zot:1 Zot:2 Zot:3 Zot:4)
  25 Orb Guardians (Zot:5)
  Jorgrun (Orc:1)
  8 quicksilver dragons (Vaults:5 Zot:1 Zot:2 Zot:3 Depths:2)
  Asterion (Vaults:3)
  3 deep elf master archers (Hell Abyss:1 Abyss:3)
  21 acid blobs (Slime:1 Slime:2 Slime:4 Slime:5)
  6 deep elf blademasters (Hell Depths:1 Tar:1 Abyss:1)
  14 titans (Vaults:5 Zot:1 Hell D:15 Tar:1)
  Murray (Depths:1)
  9 tentacled starspawn (Abyss:5 Abyss:1 Abyss:3)
  Frances (D:14)
  2 ancient champions (Hell)
  3 sphinxes (Depths:5 Depths:3 Depths:2)
  The ghost of Dittersdorf the Severer, an adept MiBe of Trog (Snake:4)
  9 death cobs (Zot:1 Zot:2 Zot:3 Zot:4)
  5 krakens (Shoals:1 Shoals:2 Shoals:3)
  7 storm dragons (Vaults:5 Depths:5 Zot:2 Zot:3 Zot:5)
  Agnes (Snake:4)
  6 tengu reavers (Vaults:5 Depths:1 Depths:2)
  Roxanne (D:15)
  9 shadow dragons (Vaults:5 Depths:5 Zot:3 Zot:4 Zot:5)
  Ilsuiw (Shoals:4)
  14 draconian monks (Zot:1 Zot:4)
  7 azure jellies (Slime:1 Slime:3 Slime:4 Slime:5)
  24 fire giants (Vaults:3 Vaults:4 Vaults:5 Depths:1 Depths:4)
  A revenant (Abyss:5)
  12 nagarajas (Snake:2 Snake:3 Snake:4)
  4 deep elf sorcerers (Vaults:5)
  Louise (Shoals:1)
  6 draconian scorchers (Depths:5 Zot:1 Zot:2 Zot:3 Zot:4)
  18 frost giants (Vaults:5 Depths:2 Depths:4 Depths:5 Depths:3)
  10 vault wardens (Vaults:3 Vaults:4 Vaults:5)
  6 draconian knights (Depths:5 Zot:2 Zot:4 Zot:5)
  Aizul (Depths:1)
  A deep elf elementalist (Vaults:5)
  2 ghost moths (Zot:2 Zot:5)
  4 draconian shifters (Zot:1 Zot:2 Zot:4)
  An orc warlord (Orc:1)
  4 balrugs (Abyss:1 Abyss:2 Abyss:3)
  A cacodemon (Depths:2)
  5 draconian stormcallers (Zot:1 Zot:2 Zot:4 Zot:5)
  8 ironheart preservers (Vaults:2 Vaults:3 Vaults:4 Vaults:5)
  3 spriggan defenders (Depths:4 Depths:3)
  8 draconian annihilators (Zot:1 Zot:2 Zot:4)
  5 war gargoyles (Vaults:5 Hell)
  27 very ugly things (Snake:3 Vaults:2 Vaults:5 Depths:1 Depths:4)
  19 reapers (Depths:1 Hell Tar:1 Tar:2)
  3 vampire knights (Depths:3 Tar:1 Tar:3)
  37 stone giants (Volcano Orc:1 Vaults:3 Vaults:4 Vaults:5)
  An entropy weaver (Vaults:5)
  Nessos (D:12)
  11 green draconians (Zot:1 Zot:2 Zot:4 Zot:5)
  14 black draconians (Depths:5 Zot:1 Zot:2 Zot:3 Zot:4)
  A deep elf annihilator (Vaults:5)
  2 deep elf demonologists (Vaults:3 Vaults:5)
  2 lorocyprocas (Hell Abyss:1)
  A minotaur (Gauntlet)
  9 purple draconians (Zot:1 Zot:2 Zot:3 Zot:4 Abyss:2)
  11 white draconians (Zot:1 Zot:3 Zot:4 Zot:5)
  6 spark wasps (Depths:4 Zot:1 Depths:3)
  Snorg (D:10)
  13 yellow draconians (Depths:5 Zot:1 Zot:2 Zot:4 Zot:5)
  A deep elf death mage (D:15)
  6 ettins (D:15 Orc:2 Vaults:5 Depths:5 Depths:4)
  3 jiangshi (Tar:2)
  8 death oozes (Slime:2 Slime:3 Slime:4 Slime:5)
  15 red draconians (Depths:5 Zot:1 Zot:2 Zot:4 Zot:5)
  A fire dragon (shapeshifter) (Vaults:3)
  6 merfolk javelineers (Shoals:2 Shoals:4)
  8 merfolk impalers (Shoals:2 Shoals:3 Shoals:4 Depths:4)
  2 deep elf high priests (Vaults:5)
  2 blizzard demons (Hell)
  8 ogre magi (Vaults:1 Vaults:4 Depths:2)
  9 yaktaur captains (D:14 Vaults:4 Vaults:5 Depths:1 Depths:5)
  12 fire dragons (Vaults:1 Vaults:4 Depths:2 Depths:5 Depths:4)
  Fannar (D:12)
  A quicksilver dragon zombie (Hell)
  19 naga warriors (Snake:1 Snake:2 Snake:3 Snake:4)
  14 great orbs of eyes (Vaults:1 Vaults:2 Vaults:3 Vaults:5 Depths:4)
  5 rakshasas (Vaults:1 Vaults:2 Depths:4 Depths:3 Abyss:1)
  17 ice dragons (Vaults:2 Vaults:5 Depths:4 Depths:5 Zot:1)
  A hell beast (Depths:4)
  24 vault guards (Vaults:5)
  Harold (Orc:1)
  3 spriggan air magi (Depths:4 Depths:3)
  3 merfolk aquamancers (Shoals:2 Shoals:3 Shoals:4)
  13 hydras (D:11 Lair:1 Lair:2 Lair:3 Lair:4)
  8 centaur warriors (D:13 D:14 D:15 Vaults:4 Depths:3)
  4 death knights (D:11 Vaults:4 Vaults:5 Abyss:3)
  36 two-headed ogres (D:8 D:11 D:12 D:15 Vaults:1)
  A merfolk avatar (Shoals:3)
  6 death yaks (Lair:6 Gauntlet)
  An alligator snapping turtle (Shoals:4)
  13 anacondas (Snake:1 Snake:2 Snake:4)
  9 tengu warriors (D:13 D:14 D:15 Depths:4 Depths:3)
  9 deep troll shamans (Vaults:2 Vaults:3 Vaults:4 Depths:2 Depths:4)
  3 satyrs (Shoals:4)
  9 hell hogs (Hell Depths:1 Abyss:1)
  4 thrashing horrors (Abyss:1 Abyss:2)
  3 orc high priests (Orc:2)
  A titan zombie (Tar:1)
  4 dancing weapons (Vaults:5 Zot:1)
  8 shock serpents (Snake:2 Snake:3 Snake:4)
  8 deep troll earth magi (Vaults:2 Depths:4 Depths:5)
  6 spriggan berserkers (Depths:4 Depths:5 Depths:3 Depths:2)
  Urug (D:11)
  An iron golem (Hell)
  A vampire mage (Tar:2)
  12 naga sharpshooters (Snake:2 Snake:3 Snake:4)
  10 soul eaters (WizLab Depths:2 Abyss:5 Depths:1 Hell)
  10 wretched stars (Abyss:5 Abyss:1 Abyss:2 Abyss:3)
  2 spriggans (Depths:4)
  Nergalle (D:11)
  11 deep elf knights (D:15 Vaults:2 Vaults:5 Depths:1 Tar:2)
  11 sun demons (Hell Depths:1 Abyss:1 Abyss:3)
  7 shadow wraiths (Vaults:2 Vaults:3 Vaults:4 Vaults:5)
  3 iron trolls (Depths:2 Depths:4 Depths:5)
  33 skeletal warriors (Vaults:1 Vaults:4 Vaults:5 Hell Depths:1)
  4 salamander mystics (Snake:2 Snake:3 Depths:4 Depths:2)
  3 spatial maelstroms (Abyss:5 Abyss:1)
  17 hell knights (Vaults:5 Hell Tar:1)
  2 sixfirhies (Lair:6 Abyss:1)
  3 storm dragon skeletons (Vaults:3 Tar:1 Tar:2)
  3 unseen horrors (D:13 Vaults:1 Abyss:1)
  26 deep trolls (Vaults:2 Vaults:3 Vaults:4 Vaults:5 Depths:2)
  An unseen horror (shapeshifter) (Vaults:1)
  6 glowing orange brains (Vaults:3 Depths:5 Depths:3 Slime:5 Abyss:3)
  An anaconda zombie (Tar:1)
  8 deep elf archers (Vaults:1 Vaults:3 Vaults:4 Hell D:15)
  21 sea snakes (Snake:2 Snake:4 Shoals:1 Shoals:2 Shoals:3)
  5 shadow demons (Tar:1 Tar:2 Tar:3)
  An infernal demonspawn (Depths:2)
  5 phantasmal warriors (Vaults:5 Tar:2)
  A lindwurm (shapeshifter) (Vaults:5)
  11 flayed ghosts (Vaults:4 Vaults:5 Abyss:5 Depths:2 Tar:1)
  5 necromancers (Vaults:3 Depths:1 Hell Tar:1)
  16 ironbrand convokers (Vaults:2 Vaults:3 Vaults:4 Vaults:5)
  A naga ritualist (Snake:4)
  18 mana vipers (Snake:1 Snake:2 Snake:3 Snake:4)
  14 harpies (Shoals:2 Shoals:4)
  2 iron dragon zombies (Tar:1 Tar:3)
  15 orc knights (D:12 Orc:1 Orc:2 Vaults:1 Vaults:2)
  3 wizards (Lair:6 Vaults:3 Depths:4)
  5 orc sorcerers (D:15 Orc:2)
  A wolf spider zombie (Abyss:1)
  25 deep elf magi (D:12 Vaults:1 Vaults:3 Vaults:4 Vaults:5)
  12 shining eyes (Slime:4 Slime:3 Slime:5 Abyss:1)
  A shadow dragon skeleton (Tar:1)
  2 oklob plants (Shoals:4)
  2 fire giant zombies (Tar:1 Tar:2)
  2 frost giant zombies (Hell Tar:1)
  61 ugly things (D:11 D:12 D:15 Snake:3 Vaults:1)
  6 cyclopes (D:12 D:15 Orc:1 Shoals:2 Vaults:2)
  A wolf spider (Vaults:1)
  12 manticores (Shoals:2 Shoals:3 Shoals:4)
  14 fauns (Shoals:1 Shoals:4)
  16 salamanders (Snake:1 Snake:2 Snake:3 Snake:4 Depths:4)
  An elephant (shapeshifter) (Vaults:5)
  6 eyes of devastation (Slime:1 Slime:2 Slime:4 Slime:5 Abyss:3)
  A water nymph (shapeshifter) (Depths:5)
  A faun (shapeshifter) (Depths:5)
  28 moths of wrath (Zot:1 Zot:2 Zot:3 Zot:4 Zot:5)
  9 water nymphs (Shoals:2 Shoals:3 Shoals:4)
  4 worldbinders (Abyss:5)
  6 smoke demons (Abyss:5 Depths:2 Abyss:1 Abyss:2 Abyss:3)
  8 merfolk sirens (Shoals:2 Shoals:3 Shoals:4)
  4 apocalypse crabs (Abyss:5 Abyss:1 Abyss:2)
  4 centaur zombies (D:8 D:9 D:12 D:15)
  An iron dragon skeleton (Tar:2)
  40 black mambas (Lair:2 Lair:3 Lair:4 Lair:6 Lair:5)
  13 guardian serpents (Snake:1 Snake:2 Snake:3 Snake:4)
  An eye of devastation (shapeshifter) (Depths:3)
  10 rust devils (WizLab Depths:1 Depths:2 Depths:3 Hell)
  14 naga magi (Snake:1 Snake:2 Snake:3 Snake:4)
  20 elephants (Lair:3 Lair:2 Lair:4 Lair:5)
  A yaktaur zombie (Vaults:3)
  6 orange demons (Lair:6 WizLab Depths:2 Abyss:5 Abyss:3)
  12 vault sentinels (Vaults:2 Vaults:3 Vaults:4 Vaults:5)
  2 molten gargoyles (Volcano)
  12 spiny frogs (Lair:2 Lair:3 Lair:4 Lair:5 Lair:6)
  A torpor snail (Gauntlet)
  2 gargoyles (Volcano D:15)
  A shock serpent skeleton (Tar:2)
  2 hellions (Gauntlet Depths:3)
  4 rime drakes (Lair:4 Lair:6)
  11 freezing wraiths (D:13 Vaults:2 Vaults:3 Vaults:4 Vaults:5)
  28 yaktaurs (D:14 Vaults:2 Vaults:3 Vaults:4 Vaults:5)
  5 centaur skeletons (D:11 D:14 D:15 Tar:3)
  5 kobold demonologists (D:10 D:11 D:13)
  A demonic crawler (Hell)
  A rime drake (shapeshifter) (Vaults:3)
  18 komodo dragons (Lair:1 Lair:2 Lair:3 Lair:4 Lair:5)
  A storm dragon simulacrum (Hell)
  An anaconda simulacrum (Hell)
  An efreet (Volcano)
  2 hellwings (Lair:6 WizLab)
  A catoblepas skeleton (Tar:1)
  9 red devils (Lair:6 Depths:4 Depths:2 Hell Abyss:2)
  4 tengu conjurers (D:13 Depths:2 Depths:4)
  3 tormentors (Tar:1 Tar:3 Tar:2)
  26 merfolk (Shoals:1 Shoals:2 Shoals:3 Shoals:4)
  4 ice devils (Lair:6 Depths:4)
  4 ancient zymes (Abyss:1 Abyss:2 Abyss:3)
  2 hydra zombies (Hell)
  3 silent spectres (Tar:1 Tar:3)
  6 meliai (Lair:6 D:14)
  A meliai (shapeshifter) (D:13)
  A queen bee (Lair:6)
  12 trolls (D:9 D:12 D:14 D:15 Orc:1)
  A harpy skeleton (D:15)
  4 wind drakes (Shoals:1 Shoals:2 Shoals:4)
  15 large abominations (Abyss:5 Abyss:1 Abyss:3)
  A wolf spider simulacrum (Hell)
  A polar bear (Lair:5)
  2 ettin zombies (Tar:1)
  A hippogriff (shapeshifter) (Depths:3)
  4 hornets (Vaults:3 Vaults:4 Depths:4)
  17 raiju (Abyss:5 Abyss:2 Abyss:3)
  A raiju (shapeshifter) (Depths:4)
  16 blink frogs (Lair:1 Lair:3 Lair:2 Abyss:1)
  121 slime creatures (D:11 D:12 D:14 Vaults:2 Vaults:3)
  12 dream sheep (Lair:6 Shoals:2)
  6 hippogriffs (D:11 Lair:6 Lair:5 D:13 Shoals:1)
  A snapping turtle (shapeshifter) (Vaults:5)
  An alligator zombie (Hell)
  3 hydra skeletons (Hell Tar:3)
  7 snapping turtles (Shoals:2 Shoals:3 Shoals:4)
  A redback (Vaults:5)
  2 vampires (D:15 Abyss:2)
  A fire dragon skeleton (Tar:1)
  A redback (shapeshifter) (Vaults:5)
  2 alligator skeletons (Hell Tar:2)
  12 shadows (D:11 Tar:1 Tar:2 Hell Abyss:1)
  19 water elementals (Shoals:1 Shoals:2 Shoals:3 Shoals:4 Depths:4)
  23 flying skulls (Depths:4 Tar:1 Tar:2 Hell)
  68 yaks (D:9 D:10 D:11 Lair:1 Lair:2)
  An ice dragon skeleton (Hell)
  A tarantella (Vaults:5)
  5 ynoxinuls (Depths:3 Abyss:1 Abyss:3)
  14 fire elementals (Volcano Depths:4 Depths:1 Hell Abyss:1)
  A basilisk (shapeshifter) (Vaults:4)
  3 wyverns (D:11 Lair:4)
  5 fire bats (Volcano)
  7 golden eyes (Slime:4 Slime:5)
  6 wraiths (D:14 Vaults:4 Hell Tar:3 Abyss:1)
  4 chaos spawn (Depths:3 Abyss:1 Abyss:2)
  A hungry ghost (D:11)
  2 vampire mosquitoes (D:14)
  A black mamba skeleton (Hell)
  2 basilisks (D:11 Lair:4)
  4 neqoxecs (Depths:3 Abyss:3 Abyss:1)
  4 wargs (Orc:2 Orc:1 Vaults:1)
  2 steam dragons (D:9 D:10)
  Menkaure (D:7)
  A harpy simulacrum (IceCv)
  3 swamp worms (Gauntlet)
  An insubstantial wisp (Abyss:1)
  Edmund (D:4)
  55 nagas (Snake:1 Snake:2 Snake:3 Snake:4)
  A spatial vortex (Abyss:1)
  7 hydra simulacra (IceCv Depths:4)
  5 acid dragons (D:13 D:14 Vaults:2)
  An acid dragon (shapeshifter) (Vaults:5)
  A floating eye (Depths:2)
  26 water moccasins (D:8 D:10 Lair:1 Lair:2 Lair:3)
  7 hell hounds (Lair:6 Depths:2)
  A swamp drake (shapeshifter) (Vaults:5)
  12 porcupines (D:11 Lair:2 Lair:1 Lair:3 Lair:5)
  3 human zombies (Vaults:3 Tar:1)
  3 ice beasts (D:8 D:15 Abyss:1)
  2 black bears (D:10 D:13)
  32 starcursed masses (Abyss:5 Abyss:3 Abyss:1)
  32 orc warriors (D:8 D:10 D:11 D:12 Orc:1)
  3 sky beasts (D:8 Abyss:1)
  A snapping turtle zombie (Tar:1)
  An alligator simulacrum (IceCv)
  An ettin simulacrum (Vaults:2)
  24 ogres (D:5 D:7 D:12 Orc:1 Orc:2)
  2 phantoms (Tar:1 Hell)
  8 necrophages (D:11 Tar:1 Tar:3)
  10 wolves (Lair:3 Lair:6)
  6 boggarts (Depths:2)
  8 eyes of draining (D:15 Slime:1 Slime:3 Slime:2 Slime:5)
  4 human skeletons (Vaults:3 Abyss:1)
  An elf skeleton (Vaults:3)
  A manticore zombie (Tar:2)
  14 crocodiles (D:11 Lair:1 Lair:2 Lair:3 Lair:6)
  A swamp dragon skeleton (Hell)
  46 centaurs (D:5 D:6 D:7 D:9 D:10)
  6 big kobolds (D:11 D:13)
  A wyvern zombie (D:8)
  A bullfrog (shapeshifter) (Vaults:5)
  15 small abominations (Abyss:5 Abyss:1 Abyss:2 Abyss:3)
  18 bullfrogs (D:7 D:8 D:11 Lair:2 Lair:4)
  7 scorpions (D:4 D:5 D:10 D:11 Lair:2)
  A troll zombie (Tar:3)
  A swamp dragon simulacrum (Hell)
  26 killer bees (D:7 Lair:6 D:13)
  21 wights (D:12 D:15 Tar:1 Tar:2 Abyss:1)
  8 howler monkeys (D:9 D:11)
  3 electric eels (D:14 Snake:2)
  6 lava snakes (Volcano)
  19 crimson imps (D:5 D:6 D:7 D:8 D:9)
  7 quasits (D:11 Depths:2 Abyss:1)
  12 orc priests (D:3 D:7 D:10 D:12 D:13)
  2 bullfrog skeletons (D:4 D:13)
  5 hounds (D:6 D:8 D:10 D:11)
  10 jellies (D:6 D:8 D:9 D:11 D:12)
  9 iron imps (Depths:2 Depths:3 Hell Abyss:1 Abyss:2)
  17 orc wizards (D:5 D:7 D:8 D:9 D:10)
  Crazy Yiuf (D:4)
  Natasha (thrice) (D:4)
  6 iguanas (D:4 D:6 D:10 D:11)
  A lightning spire (Zot:3)
  9 worker ants (D:4 D:5 D:7 D:8 D:11)
  3 centaur simulacra (IceCv)
  3 hound skeletons (D:5 D:7 D:11)
  A worker ant zombie (D:11)
  Robin (D:3)
  6 gnolls (D:3 D:9)
  A howler monkey skeleton (D:6)
  A naga simulacrum (IceCv)
  An ogre simulacrum (IceCv)
  15 adders (D:2 D:4 D:5 D:6 D:7)
  6 shadow imps (D:10 D:14 Depths:3 Tar:1 Tar:2)
  2 white imps (IceCv Depths:3)
  9 ufetubi (Depths:2 Depths:3 Abyss:1 Abyss:2)
  6 oozes (D:2 D:11)
  2 adder zombies (D:6 D:7)
  A worm (D:4)
  6 dart slugs (D:1 D:2 D:3)
  2 leopard geckos (D:3)
  94 orcs (D:3 D:5 D:7 D:8 D:9)
  3 ball pythons (D:2 Lair:2)
  4 bats (D:2 D:3)
  3 giant cockroaches (D:1 D:3)
  10 goblins (D:1 D:2 D:3)
  11 hobgoblins (D:1 D:2 D:3)
  4 jackals (D:11)
  6 quokkas (D:5 D:6 D:8 D:11)
  6 frilled lizards (D:2 D:3 D:4 D:5)
  24 kobolds (D:1 D:2 D:3 D:11 D:10)
  2 leopard gecko zombies (D:7 D:8)
  8 rats (D:1 D:2 D:3)
  A bush (Lair:6)
  A lurking horror (Abyss:1)
  11 plants (Snake:2 Shoals:2 Shoals:3 Shoals:4 Depths:4)
  12 starspawn tentacles (Abyss:1 Abyss:3)
  10 tentacles (Shoals:1 Shoals:2 Shoals:3)
2887 creatures vanquished.

Vanquished Creatures (collateral kills)
  A storm dragon (Zot:5)
1 creature vanquished.

Vanquished Creatures (others)
  2 deep elf master archers (Hell Tar:1)
  A fire giant (Depths:3)
  A very ugly thing (Vaults:5)
  3 stone giants (Depths:5 Depths:3 Abyss:2)
  A red draconian (Zot:1)
  A lorocyproca (Hell)
  A yaktaur captain (Vaults:4)
  An ice dragon (Depths:3)
  A hell hog (Abyss:1)
  A naga sharpshooter (Snake:4)
  A deep elf knight (Vaults:3)
  An unseen horror (D:14)
  2 deep elf archers (Vaults:1 Vaults:4)
  A deep troll (Vaults:3)
  A harpy (Shoals:4)
  4 cyclopes (Orc:1 Shoals:2 Shoals:4 Vaults:2)
  A deep elf mage (Vaults:5)
  A salamander (Depths:4)
  A shadow dragon skeleton (Hell)
  2 yaktaurs (Vaults:3 Depths:5)
  A red devil (Abyss:3)
  2 merfolk (Shoals:2 Shoals:4)
  A flying skull (Tar:2)
  A water elemental (Depths:4)
  A naga (Snake:4)
  A centaur (Shoals:3)
  A small abomination (Abyss:3)
  A white imp (IceCv)
  3 ufetubi (IceCv)
  3 orcs (D:12 Vaults:5)
  A bush (Lair:6)
  16 fungi (Lair:2 Lair:3 Lair:6 Orc:2)
  3 lurking horrors (Abyss:3 Abyss:1)
  69 plants (D:11 Lair:1 Lair:3 Lair:2 Lair:4)
  23 starspawn tentacles (Abyss:5 Abyss:1 Abyss:3)
  25 tentacles (Shoals:1 Shoals:2 Shoals:3)
180 creatures vanquished.

Grand Total: 3068 creatures vanquished

Notes
Turn   | Place    | Note
-------+----------+-------------------------------------------
     0 | D:1      | Monsterracer the Gargoyle Monk began the quest for the Orb.
     0 | D:1      | Reached XP level 1. HP: 14/14 MP: 1/1
   280 | D:1      | Reached XP level 2. HP: 19/19 MP: 2/2
   890 | D:2      | Reached XP level 3. HP: 21/24 MP: 3/3
  1256 | D:2      | Reached skill level 4 in Fighting
  1258 | D:2      | HP: 12/24 [adder (4)]
  1264 | D:2      | HP: 7/24 [adder (2)]
  1270 | D:2      | Reached XP level 4. HP: 9/29 MP: 4/4
  1654 | D:3      | Noticed Robin
  1759 | D:3      | HP: 13/29 [gnoll (2)]
  1940 | D:3      | Reached XP level 5. HP: 34/34 MP: 5/5
  2062 | D:3      | Killed Robin
  2062 | D:3      | Reached skill level 5 in Maces & Flails
  2356 | D:3      | HP: 6/34 [orc priest/divine providence (14)]
  2385 | D:3      | HP: 1/34 [orc priest/divine providence (15)]
  2393 | D:4      | Noticed Natasha
  2720 | D:4      | Found a hide-covered altar of Uskayaw.
  2955 | D:4      | Found a runed translucent door.
  2956 | D:4      | Noticed Crazy Yiuf
  3040 | D:4      | Noticed Edmund
  3067 | D:4      | Killed Edmund
  3067 | D:4      | Reached skill level 5 in Fighting
  3067 | D:4      | Reached XP level 6. HP: 29/40 MP: 6/6
  3134 | D:4      | Killed Natasha
  3543 | D:3      | Found an iron altar of Okawaru.
  3562 | D:3      | Became a worshipper of Warmaster Okawaru
  3562 | D:3      | Reached * piety under Okawaru
  3562 | D:3      | Reached ** piety under Okawaru
  3958 | D:4      | Reached XP level 7. HP: 36/44 MP: 7/7
  4064 | D:4      | Reached skill level 1 in Armour
  4064 | D:4      | Reached skill level 1 in Invocations
  4116 | D:4      | Got a bloodstained hunting sling
  4186 | D:4      | Noticed Natasha
  4195 | D:4      | Killed Natasha
  4331 | D:4      | Noticed Natasha
  4336 | D:4      | Killed Natasha
  4817 | D:4      | Killed Crazy Yiuf
  4903 | D:5      | Entered Level 5 of the Dungeon
  4947 | D:5      | Found Oskuled's General Store.
  4988 | D:5      | Bought a scroll of remove curse for 39 gold pieces
  5356 | D:5      | Reached skill level 6 in Fighting
  5356 | D:5      | Reached XP level 8. HP: 31/51 MP: 6/9
  5730 | D:6      | Found a staircase to the Ecumenical Temple.
  6343 | D:6      | Found a sparkling altar of Nemelex Xobeh.
  6381 | D:7      | Got a crystal quarterstaff
  6402 | D:7      | Identified the +10 quarterstaff "Utrigamu" {crush, rF+ rC+
                  | Int+2} (You found it on level 7 of the Dungeon)
  6403 | D:7      | Identified the +3 hunting sling of Invincibility {flame,
                  | +Inv rN+} (You found it on level 4 of the Dungeon)
  6470 | D:7      | Reached *** piety under Okawaru
  6470 | D:7      | Reached skill level 1 in Staves
  6563 | D:7      | HP: 26/52 [centaur (4)]
  6992 | D:7      | Reached XP level 9. HP: 55/56 MP: 12/12
  7079 | D:7      | Reached skill level 7 in Fighting
  7208 | D:7      | Noticed Menkaure
  7239 | D:7      | Killed Menkaure
  7239 | D:7      | Reached **** piety under Okawaru
  7402 | D:7      | Found a shadowy altar of Dithmenos.
  7620 | D:8      | Found a shimmering altar of Xom.
  7710 | D:8      | Reached skill level 5 in Armour
  7730 | D:8      | Noticed a two-headed ogre
  7753 | D:8      | Reached skill level 5 in Invocations
  7760 | D:8      | Killed a two-headed ogre
  7760 | D:8      | Reached skill level 5 in Staves
  7824 | D:8      | Reached skill level 8 in Fighting
  7824 | D:8      | Reached XP level 10. HP: 64/64 MP: 11/14
  7987 | D:8      | Reached ***** piety under Okawaru
  8081 | D:8      | Noticed a two-headed ogre
  8087 | D:8      | Killed a two-headed ogre
  8217 | D:8      | Found a shimmering altar of Xom.
  8243 | D:8      | Found a shimmering altar of Xom.
  8244 | D:8      | Found a shimmering altar of Xom.
  8246 | D:8      | Found a shimmering altar of Xom.
  8272 | D:9      | Found a shimmering altar of Xom.
  8759 | D:9      | Found a staircase to the Orcish Mines.
  9103 | D:10     | Entered Level 10 of the Dungeon
  9114 | D:10     | Reached skill level 9 in Fighting
  9446 | D:10     | Reached XP level 11. HP: 65/71 MP: 16/16
  9542 | D:10     | Noticed Snorg
  9555 | D:10     | HP: 26/71 [Snorg (10)]
  9558 | D:10     | HP: 5/71 [Snorg (22)]
 10191 | D:10     | Killed Snorg
 10339 | D:10     | Reached ****** piety under Okawaru
 10339 | D:10     | Received a gift from Okawaru
 10889 | D:11     | Found a staircase to the Lair.
 11096 | D:11     | Noticed Urug
 11141 | D:11     | Reached skill level 10 in Fighting
 11153 | D:11     | HP: 29/72 [Urug/javelin (16)]
 11571 | D:11     | Noticed a red ugly thing
 11580 | D:11     | Killed a red ugly thing
 11580 | D:11     | Reached skill level 10 in Staves
 11652 | D:11     | Noticed Nergalle
 11671 | D:11     | Killed Nergalle
 11671 | D:11     | Reached XP level 12. HP: 72/77 MP: 15/18
 11735 | D:11     | Killed Urug
 11735 | D:11     | Reached skill level 1 in Evocations
 11920 | D:11     | Noticed an eight-headed hydra
 11928 | D:11     | Killed an eight-headed hydra
 11928 | D:11     | Received a gift from Okawaru
 12035 | D:11     | Noticed a death knight
 12237 | D:11     | Killed a death knight
 12267 | D:11     | Noticed a two-headed ogre
 12278 | D:11     | Killed a two-headed ogre
 12435 | Lair:1   | Entered Level 1 of the Lair of Beasts
 12529 | Lair:1   | Reached skill level 1 in Polearms
 12689 | Lair:1   | HP: 34/79 [komodo dragon (18)]
 13137 | Lair:1   | Noticed an eight-headed hydra
 13149 | Lair:1   | Killed an eight-headed hydra
 13695 | Lair:2   | Noticed a six-headed hydra
 13710 | Lair:2   | Killed a six-headed hydra
 14000 | Lair:2   | Reached skill level 5 in Polearms
 14127 | Lair:2   | Found a staircase to the Snake Pit.
 14162 | Lair:2   | Reached XP level 13. HP: 61/83 MP: 19/19
 14327 | Lair:2   | HP: 39/83 [centaur/arrow (6)]
 14333 | Lair:2   | HP: 35/83 [centaur/arrow (5)]
 14355 | Lair:2   | HP: 38/83 [centaur (1)]
 14877 | Lair:2   | Found a staircase to the Shoals.
 15023 | Lair:2   | HP: 41/83 [black mamba (3)]
 15850 | Lair:3   | Found a dark tunnel.
 15948 | Volcano  | Entered a volcano
 16095 | Volcano  | Received a gift from Okawaru
 16206 | Volcano  | Reached skill level 1 in Shields
 16251 | Volcano  | Found a bloodstained altar of Trog.
 16258 | Volcano  | HP: 38/84 [efreet/fireball (12)]
 16475 | Volcano  | Noticed a stone giant
 16487 | Volcano  | Killed a stone giant
 16488 | Volcano  | HP: 40/84 [molten gargoyle/bolt of magma (9)]
 16929 | Lair:3   | Reached skill level 11 in Fighting
 17933 | Lair:3   | You fall into a shaft and drop 1 floor!
 17978 | Lair:4   | Reached skill level 10 in Invocations
 17980 | Lair:4   | Received a gift from Okawaru
 17980 | Lair:4   | Reached skill level 10 in Armour
 18011 | Lair:4   | Gained mutation: Your large and strong wings let you fly
                  | indefinitely. [Gargoyle growth]
 18011 | Lair:4   | Reached XP level 14. HP: 85/90 MP: 21/21
 18014 | Lair:4   | Got a scorched lajatang {god gift}
 18036 | Lair:4   | Identified the +5 lajatang of Royalism {drain, Dex+4}
                  | (Okawaru gifted it to you on level 4 of the Lair of Beasts)
 18093 | Lair:4   | You are sucked into a shaft and drop 2 floors!
 18093 | Lair:6   | Entered Level 6 of the Lair of Beasts
 18432 | Lair:4   | Received a gift from Okawaru
 18671 | Lair:4   | Reached skill level 5 in Evocations
 19205 | Lair:4   | Reached skill level 10 in Polearms
 19265 | Lair:3   | HP: 45/91 [elephant (4)]
 19531 | Lair:4   | Got a slimy war axe
 20141 | Lair:5   | Found a viscous altar of Jiyva.
 20144 | Lair:5   | Found a staircase to the Slime Pits.
 20180 | Lair:5   | HP: 44/91 [spiny frog (6)]
 20406 | Lair:5   | Reached skill level 12 in Fighting
 21139 | Lair:5   | Received a gift from Okawaru
 21142 | Lair:5   | Got a pitted quarterstaff {god gift}
 21150 | Lair:5   | Identified the +12 war axe "Hasadutz" {flame, rElec Str+8}
                  | (You found it on level 4 of the Lair of Beasts)
 21151 | Lair:5   | Identified the +8 quarterstaff "Peerevuf" {flame, MR+
                  | Str+6} (Okawaru gifted it to you on level 5 of the Lair of
                  | Beasts)
 21761 | Lair:6   | Reached XP level 15. HP: 77/96 MP: 22/22
 21828 | Lair:6   | Received a gift from Okawaru
 21828 | Lair:6   | Reached skill level 5 in Shields
 22603 | Lair:6   | Found a burning altar of Makhleb.
 22677 | Lair:6   | Found a gateway to Hell.
 23076 | D:12     | Noticed Fannar
 23105 | D:12     | Noticed Nessos
 23117 | D:12     | Killed Fannar
 23314 | D:12     | Killed Nessos
 24166 | D:13     | Received a gift from Okawaru
 24273 | D:13     | Found a gate leading to a gauntlet.
 24294 | Gauntlet | Entered a Gauntlet
 24294 | Gauntlet | Found a transporter.
 24294 | Gauntlet | Found a transporter.
 24296 | Gauntlet | Found a transporter.
 24299 | Gauntlet | Found a transporter.
 24313 | Gauntlet | Found a transporter.
 24314 | Gauntlet | Found a transporter.
 24325 | Gauntlet | Found a transporter.
 24416 | Gauntlet | Found a transporter.
 24418 | Gauntlet | Found a transporter.
 24426 | Gauntlet | Found a transporter.
 24430 | Gauntlet | Found a transporter.
 24435 | Gauntlet | Noticed an emperor scorpion
 24435 | Gauntlet | a dire elephant changed into an emperor scorpion
 24436 | Gauntlet | an emperor scorpion changed into a minotaur
 24440 | Gauntlet | Found a transporter.
 24656 | Gauntlet | Got a flickering granite ring
 24658 | Gauntlet | Identified the ring of Dijynozo {rPois Str+2 Int+4 Dex+2
                  | Stlth+} (You found it in a Gauntlet)
 24694 | Gauntlet | Noticed a ghost moth
 24694 | Gauntlet | a tyrant leech changed into a ghost moth
 24698 | Gauntlet | Got a vibrating glass ring
 24804 | Gauntlet | Got an ichor-stained cloak
 24815 | Gauntlet | Identified the +2 cloak "Butto" {rN+++ rCorr Dex-4 Stlth-}
                  | (You found it in a Gauntlet)
 25095 | D:13     | Identified the ring of Tuovyd {+Fly rPois} (You found it in
                  | a Gauntlet)
 26045 | D:14     | Reached XP level 16. HP: 93/103 MP: 23/23
 26099 | D:14     | Noticed Frances
 26116 | D:14     | Killed Frances
 26116 | D:14     | Reached skill level 13 in Fighting
 26393 | D:14     | Found a gate to the Vaults.
 26656 | D:14     | HP: 49/104 [meliai/divine providence (15)]
 26659 | D:14     | HP: 13/104 [meliai/divine providence (16)]
 26664 | D:14     | HP: 42/104 [troll (5)]
 27105 | D:15     | Entered Level 15 of the Dungeon
 27169 | D:15     | HP: 52/104 [red ugly thing (12)]
 27175 | D:15     | HP: 42/104 [green ugly thing (8)]
 27180 | D:15     | Received a gift from Okawaru
 27183 | D:15     | Got a twisted helmet {god gift}
 27194 | D:15     | Identified the +0 helmet of Integrity {rPois rN+ rCorr}
                  | (Okawaru gifted it to you on level 15 of the Dungeon)
 27256 | D:15     | HP: 51/104 [harpy skeleton (4)]
 27533 | D:15     | Found a staircase to the Depths.
 27695 | D:15     | Noticed Roxanne
 28306 | D:15     | HP: 20/104 [Roxanne/bolt of magma (45)]
 28637 | D:15     | Killed Roxanne
 28760 | Snake:1  | Entered Level 1 of the Snake Pit
 29491 | Snake:2  | Noticed a nagaraja
 29499 | Snake:2  | Killed a nagaraja
 29499 | Snake:2  | Received a gift from Okawaru
 29499 | Snake:2  | Reached skill level 10 in Shields
 29520 | Snake:2  | Found Tixyp's Mass Market.
 29593 | Snake:2  | Reached XP level 17. HP: 66/110 MP: 24/24
 29596 | Snake:2  | Reached skill level 14 in Fighting
 29859 | Orc:1    | Entered Level 1 of the Orcish Mines
 29865 | Orc:1    | Noticed Harold
 29868 | Orc:1    | Noticed Jorgrun
 30012 | Orc:1    | Killed Jorgrun
 30016 | Orc:1    | Killed Harold
 30022 | Orc:1    | Reached skill level 1 in Axes
 30338 | Orc:2    | Entered Level 2 of the Orcish Mines
 30346 | Orc:2    | Found Kieficw's General Store.
 30412 | Orc:1    | Received a gift from Okawaru
 30779 | Orc:2    | Bought 2 potions of might for 112 gold pieces
 30779 | Orc:2    | Bought a scroll of enchant weapon for 105 gold pieces
 30797 | Orc:2    | Found Husiwk's Antique Weapon Shop.
 30897 | Orc:2    | Found a staircase to the Elven Halls.
 31214 | Orc:2    | Found Ilozoj's Antique Armour Emporium.
 31341 | Orc:2    | Found Ceppoj's Jewellery Shoppe.
 31350 | Orc:2    | Bought a +5 amulet of reflection for 700 gold pieces
 31527 | Orc:1    | Found a roughly hewn altar of Beogh.
 31700 | Orc:2    | Bought a pair of translucent gloves for 199 gold pieces
 31710 | Orc:2    | Identified the +0 pair of gloves "Pyuskemuli" {Int+4} (You
                  | bought it in a shop on level 2 of the Orcish Mines)
 31723 | Orc:2    | Bought a shiny plate armour for 546 gold pieces
 32185 | Snake:2  | Reached skill level 5 in Dodging
 32491 | Snake:3  | Received a gift from Okawaru
 32498 | Snake:3  | Got a translucent halberd {god gift}
 32554 | Snake:3  | Reached skill level 15 in Fighting
 32816 | Snake:3  | Found a frozen archway.
 32861 | Snake:3  | Reached XP level 18. HP: 119/119 MP: 25/25
 32949 | Snake:3  | Received a gift from Okawaru
 33106 | IceCv    | Entered an ice cave
 33537 | Snake:3  | Found Humesits's Antique Weapon Shop.
 33537 | Snake:3  | Found Ycraeff Madgh's Antique Armour Shop.
 33556 | Snake:3  | Found Lewonte's Antique Weapon Shop.
 33557 | Snake:3  | Found Dezib's Antique Weapon Shop.
 33795 | Snake:3  | Bought a pair of runed gloves for 307 gold pieces
 34203 | Snake:4  | Entered Level 4 of the Snake Pit
 34252 | Snake:3  | Received a gift from Okawaru
 34395 | Snake:4  | Noticed Agnes
 34403 | Snake:4  | Killed Agnes
 34875 | Snake:4  | Found a glowing golden altar of the Shining One.
 34902 | Snake:4  | Found Zourr's Food Shop.
 34938 | Snake:4  | Noticed Mara
 34940 | Snake:4  | Noticed Monsterracer's illusion
 34979 | Snake:4  | Noticed Monsterracer's illusion
 34992 | Snake:4  | Killed Mara
 34992 | Snake:4  | Reached skill level 10 in Evocations
 35294 | Snake:4  | Reached skill level 16 in Fighting
 35297 | Snake:4  | Reached skill level 5 in Axes
 35482 | Snake:4  | Received a gift from Okawaru
 35681 | Snake:4  | Reached XP level 19. HP: 80/127 MP: 19/26
 35712 | Snake:4  | Got a serpentine rune of Zot
 35948 | Snake:4  | Found a runed translucent door.
 35950 | Snake:4  | Noticed Dittersdorf's ghost (adept MiBe)
 36017 | Snake:4  | Killed Dittersdorf's ghost
 36136 | Snake:4  | Identified Pacwatil's Handbook of Fiery Changing
 36427 | Shoals:1 | Entered Level 1 of the Shoals
 36467 | Shoals:1 | Received a gift from Okawaru
 36567 | Shoals:1 | Noticed Louise
 36602 | Shoals:1 | Killed Louise
 36979 | Shoals:1 | Found a runed translucent door.
 36983 | Shoals:1 | Noticed archon2's ghost (adept DEFE)
 38024 | Shoals:2 | Reached skill level 17 in Fighting
 38102 | Shoals:2 | Received a gift from Okawaru
 38174 | Shoals:2 | HP: 55/128 [merfolk javelineer/javelin (16)]
 39915 | Shoals:4 | Entered Level 4 of the Shoals
 39953 | Shoals:4 | HP: 62/128 [acid (17)]
 40122 | Shoals:4 | Noticed Ilsuiw
 40130 | Shoals:4 | Identified the +5 mace "Hell-Harrower" {crush, +Rage rElec
                  | rC+ SInv}
 40132 | Shoals:4 | Identified the +7 war axe of Luoraehi {freeze, Int+3}
 40553 | Shoals:4 | HP: 57/128 [merfolk impaler/+2 demon trident of flaming
                  | (14)]
 40929 | Shoals:4 | Got a barnacled rune of Zot
 41074 | Shoals:4 | Reached skill level 15 in Armour
 41146 | Shoals:4 | Reached XP level 20. HP: 103/136 MP: 27/27
 41342 | Shoals:4 | Killed Ilsuiw
 41521 | Shoals:4 | Received a gift from Okawaru
 42064 | Shoals:4 | Identified Sif Muna's Tome of Entrancing Snow
 42102 | Shoals:4 | Reached skill level 18 in Fighting
 42125 | Shoals:4 | Got a clouded ivory ring
 42164 | Shoals:4 | Got a polished leather armour
 42167 | Shoals:4 | Identified the ring of Xom's Amusement {rPois rC+} (You
                  | found it on level 4 of the Shoals)
 42440 | Vaults:1 | Entered Level 1 of the Vaults
 42608 | Vaults:1 | Found a magical portal.
 42707 | WizLab   | HP: 62/136 [monstrous blood saint/fireball (12)]
 43066 | Vaults:1 | Got a polished ring mail
 43694 | Vaults:1 | Found Jeteassu's Gadget Shoppe.
 44112 | Vaults:1 | Received a gift from Okawaru
 44427 | Vaults:2 | Found a staircase to the Crypt.
 44427 | Vaults:2 | Found an ancient bone altar of Kikubaaqudgha.
 44428 | Vaults:2 | Found a basalt altar of Yredelemnul.
 44791 | Vaults:2 | Identified a scroll of acquirement
 44811 | Vaults:2 | Got a dazzling helmet
 44822 | Vaults:2 | Identified the -7 helmet of Fallacy {rElec Str+2} (You
                  | acquired it on level 2 of the Vaults)
 46020 | Vaults:3 | Noticed Asterion
 46060 | Vaults:3 | HP: 59/137 [balrug/divine providence[Asterion] (12)]
 46077 | Vaults:3 | Killed Asterion
 46077 | Vaults:3 | Reached XP level 21. HP: 112/142 MP: 22/28
 46087 | Vaults:3 | Reached skill level 10 in Axes
 46305 | Vaults:3 | Received a gift from Okawaru
 46346 | Vaults:3 | Identified a +2 pair of boots of running (Okawaru gifted it
                  | to you on level 3 of the Vaults)
 46533 | Vaults:3 | HP: 65/142 [Hell Sentinel/damnation[an ironheart preserver]
                  | (38)]
 46533 | Vaults:3 | HP: 29/142 [Brimstone Fiend/damnation[an ironheart
                  | preserver] (36)]
 46533 | Vaults:3 | HP: 2/142 [hellion/damnation[an ironheart preserver] (27)]
 47163 | Vaults:3 | Reached XP level 22. HP: 148/148 MP: 29/29
 48249 | Vaults:4 | Found Xikon's Armour Boutique.
 48397 | Vaults:4 | Received a gift from Okawaru
 49134 | Vaults:5 | Entered Level 5 of the Vaults
 49178 | Vaults:5 | Reached skill level 15 in Axes
 49202 | Vaults:5 | Reached XP level 23. HP: 153/153 MP: 27/30
 49240 | Vaults:5 | Received a gift from Okawaru
 49251 | Vaults:5 | Got a faintly glowing war axe {god gift}
 49314 | Vaults:5 | Identified the ring of Nedd {Fire rPois}
 49345 | Vaults:5 | Noticed a golden dragon
 49373 | Vaults:5 | Killed a golden dragon
 49402 | Vaults:5 | Noticed a golden dragon
 49402 | Vaults:5 | a shadow dragon changed into a golden dragon
 49404 | Vaults:5 | a golden dragon changed into a shadow dragon
 49408 | Vaults:5 | Noticed a caustic shrike
 49408 | Vaults:5 | a shadow dragon changed into a caustic shrike
 49409 | Vaults:5 | a caustic shrike changed into an acid blob
 49411 | Vaults:5 | Noticed a caustic shrike
 49411 | Vaults:5 | an acid blob changed into a caustic shrike
 49421 | Vaults:5 | Killed a caustic shrike
 49590 | Vaults:5 | Received a gift from Okawaru
 49653 | Vaults:5 | Reached skill level 19 in Fighting
 49696 | Vaults:5 | Noticed a golden dragon
 49716 | Vaults:5 | Received a gift from Okawaru
 49732 | Vaults:5 | Killed a golden dragon
 49988 | Vaults:5 | Got a silver rune of Zot
 50332 | Vaults:5 | Received a gift from Okawaru
 50729 | Vaults:5 | Noticed a golden dragon
 50747 | Vaults:5 | Reached XP level 24. HP: 130/162 MP: 30/30
 50755 | Vaults:5 | Reached skill level 20 in Fighting
 51160 | Vaults:5 | Reached skill level 15 in Shields
 51410 | Depths:1 | Entered Level 1 of the Depths
 51464 | Depths:1 | Found Nipeko's Food Boutique.
 51466 | Depths:1 | Found a one-way gate leading to the halls of Pandemonium.
 51710 | Depths:1 | Found a corrupted altar of Lugonu.
 51710 | Depths:1 | Found a one-way gate to the infinite horrors of the Abyss.
 51724 | Depths:1 | Found Caiq's Magic Scroll Boutique.
 51731 | Depths:1 | Bought a scroll of magic mapping for 56 gold pieces
 51731 | Depths:1 | Bought a scroll of blinking for 120 gold pieces
 51805 | Depths:1 | Noticed Aizul
 51850 | Depths:1 | Killed Aizul
 52142 | Depths:1 | Found a portal to a secret trove of treasure.
 52410 | Depths:2 | Gained mutation: Your body sometimes deteriorates upon
                  | taking damage. [a cacodemon]
 52630 | Depths:2 | Paralysed by a floating eye for 4 turns
 52643 | Depths:2 | Paralysed by a floating eye for 2 turns
 52889 | Depths:2 | You are sucked into a shaft and drop 2 floors!
 53050 | Depths:4 | Got a shimmering dagger
 53174 | Depths:4 | Found Uschyell's Book Emporium.
 53326 | Depths:4 | Received a gift from Okawaru
 53337 | Depths:4 | Got a blackened battleaxe {god gift}
 53338 | Depths:4 | Identified the +12 battleaxe of Emukhast {chop, rElec
                  | Dex+3} (Okawaru gifted it to you on level 4 of the Depths)
 53372 | Depths:4 | Found Wesic's Armour Shoppe.
 53399 | Depths:4 | Reached skill level 21 in Fighting
 53404 | Depths:4 | Found a gateway to a ziggurat.
 53550 | Depths:4 | Found Xiuphang's Antique Weapon Boutique.
 53558 | Depths:4 | You are sucked into a shaft and drop 1 floor!
 53558 | Depths:5 | Entered Level 5 of the Depths
 53870 | Depths:5 | Got a crude leather armour
 54035 | Depths:5 | Received a gift from Okawaru
 54157 | Depths:4 | Reached XP level 25. HP: 171/171 MP: 30/30
 54271 | Depths:4 | Found a flickering gateway to a bazaar.
 54276 | Bazaar   | Entered a bazaar
 54280 | Bazaar   | Found Zyschufea's Magic Scroll Boutique.
 54288 | Bazaar   | Bought a scroll of teleportation for 27 gold pieces
 54288 | Bazaar   | Bought a scroll of enchant armour for 67 gold pieces
 54288 | Bazaar   | Bought a scroll of fog for 18 gold pieces
 54289 | Bazaar   | Found Zyemin's Jewellery Boutique.
 54300 | Bazaar   | Found Ycekuj's Antique Weapon Emporium.
 54316 | Bazaar   | Found Neophovag's Antique Armour Shop.
 54316 | Bazaar   | Found Unlapor's General Store.
 54332 | Bazaar   | Bought a potion of curing for 45 gold pieces
 54338 | Bazaar   | Bought a scroll of acquirement for 780 gold pieces
 54342 | Bazaar   | Got a steaming plate armour
 54343 | Bazaar   | Identified the +16 plate armour of Death's Door {rF+} (You
                  | acquired it in a bazaar)
 54367 | Bazaar   | Bought a scroll of holy word for 67 gold pieces
 54375 | Bazaar   | Bought an uncursed ring of protection from fire for 400
                  | gold pieces
 54710 | Depths:4 | Noticed a juggernaut
 54750 | Depths:4 | Killed a juggernaut
 54752 | Depths:4 | Got a slimy flail
 54787 | Depths:4 | Got a dazzling glaive
 55479 | Depths:5 | Found a gate to the Realm of Zot.
 55711 | Depths:5 | Received a gift from Okawaru
 55721 | Depths:5 | Got a shimmering chain mail {god gift}
 55732 | Depths:5 | Identified the +5 chain mail of the Princess {rF- rC+
                  | Dex+5} (Okawaru gifted it to you on level 5 of the Depths)
 55797 | Zot:1    | Entered Level 1 of the Realm of Zot
 55973 | Zot:1    | HP: 76/172 [acid (12)]
 55974 | Zot:1    | HP: 24/172 [red draconian annihilator/iron shot (42)]
 56309 | Zot:1    | Reached skill level 10 in Dodging
 56573 | Zot:1    | Reached skill level 22 in Fighting
 56729 | Zot:1    | Noticed an orb of fire
 56729 | Zot:1    | Found a stormy altar of Qazlal.
 56729 | Zot:1    | Noticed an ancient lich
 56747 | Zot:1    | Killed an orb of fire
 56761 | Zot:1    | Killed an ancient lich
 56992 | Zot:1    | Received a gift from Okawaru
 57029 | Zot:1    | Got a pair of dazzling gloves {god gift}
 57126 | Zot:1    | Reached XP level 26. HP: 168/180 MP: 30/30
 57155 | Zot:1    | Identified the +0 pair of gloves of a bailey {rCorr Stlth+}
                  | (Okawaru gifted it to you on level 1 of the Realm of Zot)
 58067 | Zot:2    | Noticed an ancient lich
 58068 | Zot:2    | Found a transporter.
 58072 | Zot:2    | Noticed Dawneret's ghost (master GnFi)
 58082 | Zot:2    | Found a transporter.
 58395 | Zot:2    | Received a gift from Okawaru
 58540 | Zot:2    | HP: 90/181 [quicksilver dragon/bolt of dispelling energy
                  | (19)]
 58549 | Zot:2    | HP: 56/181 [quicksilver dragon/bolt of dispelling energy
                  | (37)]
 58550 | Zot:2    | HP: 27/181 [quicksilver dragon/bolt of dispelling energy
                  | (30)]
 59097 | Zot:3    | Reached skill level 23 in Fighting
 59764 | Zot:3    | HP: 82/182 [electric golem/bolt of lightning (16)]
 59769 | Zot:3    | HP: 65/182 [electric golem/bolt of lightning (7)]
 60351 | Zot:4    | Noticed an orb of fire
 60396 | Zot:4    | Gained mutation: You are clumsy. (Dex -2) [an orb of fire]
 60404 | Zot:4    | Killed an orb of fire
 60405 | Zot:4    | Received a gift from Okawaru
 60544 | Zot:4    | Reached XP level 27. HP: 188/188 MP: 30/30
 61839 | Zot:4    | Received a gift from Okawaru
 61856 | Zot:4    | Got a shimmering cloak {god gift}
 61857 | Zot:4    | Identified the +0 cloak of Ciaxawk {Str+5} (Okawaru gifted
                  | it to you on level 4 of the Realm of Zot)
 62138 | Zot:5    | Entered Level 5 of the Realm of Zot
 62630 | Zot:5    | Reached skill level 24 in Fighting
 63008 | Zot:5    | Noticed an orb of fire
 63009 | Zot:5    | Noticed an orb of fire
 63010 | Zot:5    | Noticed an orb of fire
 63017 | Zot:5    | Noticed an ancient lich
 63019 | Zot:5    | Noticed an orb of fire
 63029 | Zot:5    | Noticed an ancient lich
 63031 | Zot:5    | Killed an orb of fire
 63032 | Zot:5    | Noticed an ancient lich
 63032 | Zot:5    | Noticed an ancient lich
 63032 | Zot:5    | Noticed an ancient lich
 63032 | Zot:5    | Noticed an ancient lich
 63032 | Zot:5    | Noticed an orb of fire
 63032 | Zot:5    | Noticed an orb of fire
 63035 | Zot:5    | Gained mutation: You are frail. (-10% HP) [an orb of fire]
 63036 | Zot:5    | Gained mutation: Scrolls take you a little longer to read.
                  | [an orb of fire]
 63036 | Zot:5    | Noticed an ancient lich
 63036 | Zot:5    | Gained mutation: Your magical capacity is low. (-10% MP)
                  | [an orb of fire]
 63040 | Zot:5    | Gained mutation: Your magical capacity is very low. (-20%
                  | MP) [an orb of fire]
 63051 | Zot:5    | HP: 82/171 [orb of fire/bolt of fire (16)]
 63056 | Zot:5    | HP: 51/171 [orb of fire/fireball (7)]
 63065 | Zot:5    | HP: 53/171 [ghost moth (1)]
 63230 | Zot:5    | Lost mutation: Your body sometimes deteriorates upon taking
                  | damage. [potion of mutation]
 63230 | Zot:5    | Lost mutation: Your magical capacity is very low. (-20% MP)
                  | [potion of mutation]
 63230 | Zot:5    | Lost mutation: You are frail. (-10% HP) [potion of
                  | mutation]
 63230 | Zot:5    | Gained mutation: You are weak. (Str -2) [potion of
                  | mutation]
 63230 | Zot:5    | Gained mutation: Your mind is acute. (Int +2) [potion of
                  | mutation]
 63230 | Zot:5    | Lost mutation: You are weak. (Str -2) [potion of mutation]
 63348 | Zot:5    | Killed an ancient lich
 63357 | Zot:5    | Killed an ancient lich
 63580 | Zot:5    | Killed an ancient lich
 63580 | Zot:5    | Received a gift from Okawaru
 63697 | Zot:5    | Killed an ancient lich
 63873 | Zot:5    | Lost mutation: Your magical capacity is low. (-10% MP) [an
                  | orb of fire]
 63895 | Zot:5    | Gained mutation: You are weak. (Str -2) [an orb of fire]
 63900 | Zot:5    | Killed an orb of fire
 63953 | Zot:5    | Noticed an ancient lich
 63980 | Zot:5    | Killed an ancient lich
 63980 | Zot:5    | Received a gift from Okawaru
 63988 | Zot:5    | Gained mutation: You have a pair of small horns on your
                  | head. [an orb of fire]
 63992 | Zot:5    | Killed an orb of fire
 63992 | Zot:5    | Reached skill level 25 in Fighting
 64005 | Zot:5    | Gained mutation: Your spells are a little harder to cast,
                  | but a little more powerful. [an orb of fire]
 64027 | Zot:5    | Killed an orb of fire
 64042 | Zot:5    | Killed an ancient lich
 64074 | Zot:5    | Got a crude broad axe {god gift}
 64077 | Zot:5    | Identified the +7 broad axe of Interdependent Arising
                  | {chop, *Contam rPois Str+3 Stlth+} (Okawaru gifted it to
                  | you on level 5 of the Realm of Zot)
 64390 | Zot:5    | Killed an ancient lich
 64685 | Zot:5    | Gained mutation: Scrolls take you longer to read. [an orb
                  | of fire]
 64715 | Zot:5    | Gained mutation: You occasionally shout uncontrollably at
                  | your foes. [an orb of fire]
 64718 | Zot:5    | Killed an orb of fire
 64718 | Zot:5    | Received a gift from Okawaru
 64838 | Zot:5    | Cast into level 5 of the Abyss (a distortion unwield)
 64838 | Abyss:5  | Entered Level 5 of the Abyss
 64896 | Abyss:5  | Paralysed by accursed screaming for 1 turns
 64914 | Abyss:5  | Paralysed by accursed screaming for 1 turns
 64959 | Abyss:5  | HP: 81/193 [you (28)]
 65045 | Zot:5    | Escaped the Abyss
 65427 | Zot:5    | Killed an ancient lich
 65520 | Zot:5    | Lost mutation: Scrolls take you longer to read. [an orb of
                  | fire]
 65521 | Zot:5    | Killed an orb of fire
 66143 | Depths:3 | Received a gift from Okawaru
 66254 | Depths:3 | Got a dazzling broad axe {god gift}
 66257 | Depths:3 | Identified the +12 broad axe of Hatred {pain, MR+ Dex+4}
                  | (Okawaru gifted it to you on level 3 of the Depths)
 66295 | Depths:3 | Received a gift from Okawaru
 66331 | Depths:3 | Got an ebony shortbow
 66352 | Depths:3 | Learned a level 1 spell: Apportation
 66356 | Depths:3 | Learned a level 3 spell: Regeneration
 66385 | Depths:3 | Noticed Xtahua
 66405 | Depths:3 | Killed Xtahua
 66541 | Depths:3 | Received a gift from Okawaru
 66691 | Depths:3 | Reached skill level 26 in Fighting
 67577 | Depths:2 | Found Effy's Book Emporium.
 67689 | Depths:2 | Lost mutation: You are clumsy. (Dex -2) [potion of
                  | mutation]
 67689 | Depths:2 | Lost mutation: Scrolls take you a little longer to read.
                  | [potion of mutation]
 67689 | Depths:2 | Gained mutation: You have a somewhat thin skeletal
                  | structure. (Dex +2, Stealth) [potion of mutation]
 67689 | Depths:2 | Gained mutation: You have a pair of horns on your head.
                  | [potion of mutation]
 68084 | Depths:2 | Got an iridescent demon whip
 68085 | Depths:2 | Identified the +11 demon whip "Ohuask" {slash, Fragile MP+9
                  | Int+4} (You found it on level 2 of the Depths)
 68613 | Slime:1  | Entered Level 1 of the Pits of Slime
 69037 | Slime:2  | Received a gift from Okawaru
 69916 | Slime:4  | Gained mutation: You tend to lose your temper in combat. [a
                  | shining eye]
 69941 | Slime:4  | Reached skill level 27 in Fighting
 70271 | Slime:3  | Gained mutation: Your magical capacity is low. (-10% MP) [a
                  | shining eye]
 70286 | Slime:3  | Gained mutation: Your body sometimes deteriorates upon
                  | taking damage. [a shining eye]
 70287 | Slime:3  | Gained mutation: Scrolls take you a little longer to read.
                  | [a shining eye]
 70287 | Slime:3  | Gained mutation: You are clumsy. (Dex -2) [a shining eye]
 70342 | Slime:3  | Gained mutation: Your magical capacity is very low. (-20%
                  | MP) [a shining eye]
 70685 | Slime:5  | Entered Level 5 of the Pits of Slime
 70697 | Slime:5  | Gained mutation: Armour fits poorly on your strangely
                  | shaped body. [a shining eye]
 70700 | Slime:5  | Gained mutation: Your body often deteriorates upon taking
                  | damage. [a shining eye]
 70702 | Slime:5  | Gained mutation: You are frail. (-10% HP) [a shining eye]
 70708 | Slime:5  | Gained mutation: Scrolls take you longer to read. [a
                  | shining eye]
 70717 | Slime:5  | Gained mutation: You often lose your temper in combat. [a
                  | shining eye]
 70721 | Slime:5  | Gained mutation: You have an uncontrollable temper. [a
                  | shining eye]
 70820 | Slime:5  | Found a viscous altar of Jiyva.
 70821 | Slime:5  | Noticed the Royal Jelly
 70823 | Slime:5  | Lost mutation: Your spells are a little harder to cast, but
                  | a little more powerful. [a shining eye]
 70849 | Slime:5  | Killed the Royal Jelly
 70865 | Slime:5  | Found the +2 hat of the Bear Spirit {Spirit, +Rage rN+
                  | MR++}
 70983 | Slime:5  | Identified the Papyrus of Necromancy and Snow
 71012 | Slime:5  | Got a slimy rune of Zot
 71014 | Slime:5  | Got a fine dagger
 71166 | Slime:5  | Gained mutation: Your magical capacity is extremely low.
                  | (-30% MP) [a shining eye]
 71168 | Slime:5  | Gained mutation: Scrolls take you much longer to read. [a
                  | shining eye]
 71203 | Slime:5  | Got a twitching golden ring
 71207 | Slime:5  | Identified the ring of Happiness {*Tele rC+} (You found it
                  | on level 5 of the Pits of Slime)
 71219 | Slime:5  | Got a transparent broad axe
 71237 | Slime:5  | Identified the cursed +3 broad axe "Hellblazer" {freeze,
                  | +Blink Dex+6} (You found it on level 5 of the Pits of
                  | Slime)
 71254 | Slime:5  | Gained mutation: Potions are less effective at restoring
                  | your health. [a shining eye]
 71266 | Slime:5  | Lost mutation: You have a somewhat thin skeletal structure.
                  | (Dex +2, Stealth) [a shining eye]
 71272 | Slime:5  | Received a gift from Okawaru
 71272 | Slime:5  | Gained mutation: You are very frail. (-20% HP) [a shining
                  | eye]
 71280 | Slime:5  | Got a dull robe {god gift}
 72008 | Temple   | Entered the Ecumenical Temple
 72153 | Temple   | Fell from the grace of Okawaru
 72153 | Temple   | Became a worshipper of Zin the Law-Giver
 72153 | Temple   | Reached * piety under Zin
 72153 | Temple   | Reached ** piety under Zin
 72155 | Temple   | Donated 1589 gold pieces to Zin
 72170 | Temple   | Reached *** piety under Zin
 72287 | D:10     | Reached **** piety under Zin
 72407 | Depths:1 | Reached ***** piety under Zin
 72425 | Hell     | Entered the Vestibule of Hell
 72425 | Hell     | Noticed Geryon
 72457 | Hell     | HP: 76/159 [reaper/+1 scythe of slicing (6)]
 72840 | Hell     | Noticed Murray
 73014 | Hell     | Killed Geryon
 73048 | Depths:1 | Killed Murray
 73269 | Hell     | HP: 119/238 [reaper/+1 scythe of slicing (2)]
 73888 | Hell     | Found a gateway to the decaying netherworld of Tartarus.
 73960 | Hell     | Found a gateway to the freezing wastes of Cocytus.
 74114 | Hell     | Found a gateway to the ashen valley of Gehenna.
 74221 | Hell     | Found a gateway to the Iron City of Dis.
 74515 | Tar:1    | Entered Level 1 of Tartarus
 75101 | Tar:1    | Reached skill level 15 in Invocations
 75536 | Tar:2    | HP: 79/159 [doom hound (14)]
 75541 | Tar:2    | HP: 37/159 [reaper/+3 scythe of freezing[a doom hound]
                  | (10)]
 75927 | Tar:1    | Donated 795 gold pieces to Zin
 75931 | Tar:1    | HP: 70/159 [reaper/+7 antimagic scythe[the effects of Hell]
                  | (26)]
 76380 | Tar:2    | Reached ****** piety under Zin
 76704 | Tar:2    | Lost mutation: Your magical capacity is extremely low.
                  | (-30% MP) [potion of mutation]
 76704 | Tar:2    | Lost mutation: Your mind is acute. (Int +2) [potion of
                  | mutation]
 76704 | Tar:2    | Lost mutation: You have an uncontrollable temper. [potion
                  | of mutation]
 76704 | Tar:2    | Lost mutation: You are very frail. (-20% HP) [potion of
                  | mutation]
 76705 | Tar:2    | Lost mutation: Armour fits poorly on your strangely shaped
                  | body. [potion of mutation]
 76705 | Tar:2    | Lost mutation: You are weak. (Str -2) [potion of mutation]
 76705 | Tar:2    | Lost mutation: Your body often deteriorates upon taking
                  | damage. [potion of mutation]
 76705 | Tar:2    | Lost mutation: You are frail. (-10% HP) [potion of
                  | mutation]
 76706 | Tar:2    | Lost mutation: You have a pair of horns on your head.
                  | [potion of mutation]
 76706 | Tar:2    | Lost mutation: Potions are less effective at restoring your
                  | health. [potion of mutation]
 76706 | Tar:2    | Lost mutation: Your magical capacity is very low. (-20% MP)
                  | [potion of mutation]
 76706 | Tar:2    | Lost mutation: You have a pair of small horns on your head.
                  | [potion of mutation]
 76707 | Tar:2    | Lost mutation: Your magical capacity is low. (-10% MP)
                  | [potion of mutation]
 76707 | Tar:2    | Lost mutation: You are clumsy. (Dex -2) [potion of
                  | mutation]
 76707 | Tar:2    | Lost mutation: You occasionally shout uncontrollably at
                  | your foes. [potion of mutation]
 76707 | Tar:2    | Lost mutation: You often lose your temper in combat.
                  | [potion of mutation]
 77196 | Tar:3    | HP: 96/199 [bone dragon[the effects of Hell] (9)]
 78018 | Depths:1 | Voluntarily entered the Abyss.
 78267 | Depths:1 | Escaped the Abyss
 78269 | Depths:1 | Voluntarily entered the Abyss.
 78409 | Abyss:1  | Noticed an ancient lich
 78424 | Abyss:1  | Killed an ancient lich
 78673 | Abyss:1  | Got a sparkling lead ring
 78695 | Abyss:1  | Identified the ring of Imuthrige {rF+ rC+ rN+ Dex+4} (You
                  | found it on level 1 of the Abyss)
 78807 | Depths:1 | Escaped the Abyss
 78815 | Depths:1 | Voluntarily entered the Abyss.
 79333 | Abyss:3  | Paralysed by accursed screaming for 1 turns
 79479 | Depths:1 | Escaped the Abyss
 79662 | Depths:1 | Voluntarily entered the Abyss.
 79685 | Abyss:1  | Paralysed by accursed screaming for 1 turns
 80817 | Abyss:3  | HP: 82/199 [titan[the fury of Okawaru] (24)]
 80819 | Abyss:3  | HP: 27/199 [titan/the air[the fury of Okawaru] (24)]
 80822 | Abyss:3  | Killed from afar by a titan

Levels and vault maps discovered:
D:1:      minmay_arrival_four_houses, layout_basic, roderic_lattice_a,
          minmay_tetromino_o2
D:2:      layout_rooms
D:3:      layout_loops_cross, okawaru_gym_becter, uniq_robin
D:4:      layout_basic, eat_drink_and_be_merry_uskayaw, first_ration,
          uniq_crazy_yiuf_cottage, uniq_edmund, uniq_natasha
D:5:      layout_cave_pools, serial_shops, shop
D:6:      layout_basic, minmay_temple_entry_slanted,
          nemelex_diamond_rough_becter
D:7:      layout_basic, grunt_dithmenos_smoke_and_mirrors, uniq_menkaure
D:8:      layout_rooms, xom_redecorated, serial_curves, eino_curves_01,
          eino_curves_01
D:9:      layout_basic, david_orc_2, basic_altar
D:10:     layout_loops_ring, uniq_snorg
D:11:     layout_gridville, minmay_lair_entry_grove,
          hangedman_little_slice_of_home, grunt_tough_drop, uniq_urug,
          uniq_nergalle
D:12:     layout_big_octagon, uniq_fannar, uniq_nessos
D:13:     layout_long_grid, gauntlet_entry_generic, minivault_23
D:14:     layout_irregular_city, david_vaults_2, serial_park_tiny_1,
          serial_bayou_pond_b, uniq_frances
D:15:     hangedman_depths_entry_civil_slaughter, layout_basic,
          serial_park_tiny_pond, uniq_roxanne
Temple:   regret_index_temple_chain_breaker
Lair:1:   layout_chaotic_city, lemuel_fruit_tree
Lair:2:   layout_chaotic_city, minmay_shoals_entry_centaurs,
          minmay_snake_entry_six_corridors, grunt_megastairs_3,
          minmay_lair_oklob_chamber, serial_bayou_shore_b
Lair:3:   layout_regular_city, nicolae_volcano_entry_hallway
Lair:4:   minmay_lair_oklob_tunnel, layout_cave_shapes
Lair:5:   layout_gridlike, slime_altar_1, infiniplex_staircase_pool_2,
          grunt_megastairs_5, lemuel_fruit_fields
Lair:6:   evil_forest, layout_misc_corridors, special_room [special_room_bee]
Shoals:1: layout_shoals, gammafunk_ghost_grave, nicolae_shoals_loop_pool,
          uniq_louise
Shoals:2: layout_shoals, nicolae_shoals_hunting_party
Shoals:3: layout_shoals
Shoals:4: shoals_end_simple, layout_shoals, shoals_ilsuiw_ice,
          nicolae_shoals_this_corrosion
Snake:1:  layout_onion_interference, grunt_megastairs_1
Snake:2:  nicolae_cobra_stairs, layout_rooms, serial_bayou_pond_a,
          minmay_shop_mass, serial_bayou_shore_a, grunt_megastairs_2
Snake:3:  layout_layer_cave, portal_ice_cave_entry_ugly_swarm, drop_trap,
          minmay_shop_grid_forest
Snake:4:  grunt_snake_rune_pools, layout_gridlike, special_room, basic_altar,
          ebering_ghost_reflecting_pool, serial_shops, shop, uniq_agnes,
          uniq_mara
Slime:1:  layout_caves
Slime:2:  layout_caves
Slime:3:  cheibrodos_slime_lost_civilization_1, layout_caves
Slime:4:  layout_caves
Slime:5
Orc:1:    layout_caves, basic_altar, uniq_jorgrun, uniq_harold
Orc:2:    grunt_orc_gardens, layout_diamond_mine, grunt_orc_garden,
          grunt_orc_garden, grunt_orc_garden, grunt_orc_garden
Vaults:1: vaults_dpeg_diagonal, hangedman_vaults_corner_blocks,
          vaults_room_door_hall, vaults_room_pool, layout_vaults_quadrants,
          serial_shops, shop, mu_enter_wizlab_1
Vaults:2: nicolae_vaults_theta, vaults_room_ringed_pool,
          nicolae_vaults_network_s, minmay_crypt_entry_necro_gods,
          hangedman_vaults_corner, nicolae_vaults_rhombus_5, vaults_dpeg_cross,
          nicolae_vaults_angled_halls, v_misc_27, layout_vaults_chaotic_city
Vaults:3: grunt_vaults_bifocal, hangedman_vaults_river_flow,
          ontoclasm_vaults_tryst, nicolae_vaults_octagons, v_misc_24,
          grunt_vaults_twisty, ontoclasm_vaults_ring_small,
          hangedman_vaults_impose, nicolae_vaults_three_branches,
          nicolae_vaults_network_quinsquares
          [nicolae_vaults_network_quincunx_subvault,
          nicolae_vaults_network_quincunx_subvault,
          nicolae_vaults_network_quincunx_subvault,
          nicolae_vaults_network_quincunx_subvault], ontoclasm_vaults_bender,
          hangedman_vaults_unwind, nicolae_vaults_border_crossing, v_misc_24,
          layout_vaults_omnibox, uniq_asterion
Vaults:4: grunt_vaults_swirl, grunt_vaults_hallway_short,
          hangedman_vaults_cutoff, hangedman_vaults_locks,
          nicolae_vaults_little_squares_3, hangedman_vaults_variations,
          v_misc_12, v_alt_pattern_3, nicolae_vaults_network_barrier,
          grunt_vaults_diagonal, v_misc_8, layout_vaults_maze_snakey,
          serial_shops, shop
Vaults:5: serial_shops
Depths:1: layout_twisted_cross, serial_glass, glass_columns_b, glass_columns_a,
          glass_columns_b, glass_columns_b, glass_columns_c, glass_columns_b,
          glass_columns_a, glass_columns_b, grunt_hell_entry_dis_grunt,
          nicolae_trove_entry_diagonal, pan_entry, abyss_entry_flame_altar,
          hangedman_abyss_or_decor_clamps, serial_shops, nicolae_shop_crystal,
          shop, kennysheep_nondescript, kennysheep_generic_room_12, uniq_aizul
Depths:2: minmay_textured_paths, layout_honeycomb, hellmouth_1, serial_shops,
          nicolae_shop_temple_entry_statues_fountains, grunt_pan_entry_zigzag,
          infiniplex_staircase_door_maze
Depths:3: minmay_the_grid_square_5x5_4x4_mashed
          [minmay_the_grid_square_5x5_fancy_junction,
          minmay_the_grid_square_5x5_plus,
          minmay_the_grid_square_5x5_half_checkered,
          minmay_the_grid_square_5x5_three_small,
          minmay_the_grid_square_5x5_comb,
          minmay_the_grid_square_5x5_prize_waves,
          minmay_the_grid_square_5x5_prize_rear_guard,
          minmay_the_grid_square_5x5_tri_point,
          minmay_the_grid_square_5x5_spiral_small,
          minmay_the_grid_square_5x5_prize_deathbox,
          minmay_the_grid_square_5x5_prize_snowflake,
          minmay_the_grid_square_5x5_sharp_hourglass,
          minmay_the_grid_square_5x5_inner_z,
          minmay_the_grid_square_5x5_doubleslash,
          minmay_the_grid_square_5x5_tetrominoes, minmay_the_grid_square_5x5_c],
          layout_gridville, hell_entry, grunt_pan_entry_sceptre, serial_sigils,
          serial_sigils_hangedman_writhe, serial_sigils_hangedman_carve,
          serial_sigils_hangedman_scar, serial_sigils_hangedman_clutch,
          serial_sigils_hangedman_gnaw, minmay_misc_feat_doors, uniq_xtahua
Depths:4: cheibrodos_hall_of_evolution, layout_gridlike, enter_ziggurat_e,
          abyss_entry, serial_shops, bzr_entry_road, shop_fountains, shop, shop,
          grunt_mini_vestibule, serial_bayou_pond_a,
          hangedman_abyss_or_decor_lesser_grid
Depths:5: grunt_zot_entry_tricorne, layout_long_grid,
          chequers_serial_rivers_marsh, pf_hell_entry_tar_spiral
Hell
Tar:1:    layout_grid_maze
Tar:2:    layout_cathedral_of_symmetry, nicolae_tar_cuneiform_heaven
Tar:3:    layout_honeycomb
Zot:1:    regret_index_qazlal_generations, layout_basic, grunt_ministairs_5,
          hangedman_zot_wheel_spokes
Zot:2:    layout_basic, gammafunk_ghost_mausoleum, zot_minivault_1
Zot:3:    layout_misc_corridors, st_stairs_11, amethyst_zot_foddershock
Zot:4:    layout_concentric_octagons
Zot:5:    layout_onion, st_stairs_14
Abyss:3:  evilmike_abyss_rune_siren_acolytes, evilmike_abyss_exit_15

Skill      XL: |  1  2  3  4  5  6  7  8  9 10 11 12 13 14 15 16 17 18 19 20 21 22 23 24 25 26 27 |
---------------+----------------------------------------------------------------------------------+-----
Maces & Flails | 4 6 7 |  7.8
Fighting       | 4 5 6 8 9 10 11 12 13 15 16 17 18 19 21 22 23 27 | 27.0
Armour         | 2 4 5 7 8 9 10 11 12 13 14 15 16 17 18 21 | 21.6
Invocations    | 2 4 5 7 8 9 10 20 | 20.0
Staves         | 2 6 8 10 | 10.7
Evocations     | 2 4 6 7 8 9 10 | 10.0
Dodging        | 3 4 5 6 7 8 9 10 11 14 | 14.6
Polearms       | 6 9 11 12 | 12.8
Shields        | 3 4 8 10 11 12 13 14 15 16 17 20 | 20.6
Axes           | 3 5 7 9 12 15 16 17 19 | 19.8
Stealth        | |  2.1

Action                   |  1- 3 |  4- 6 |  7- 9 | 10-12 | 13-15 | 16-18 | 19-21 | 22-24 | 25-27 || total
-------------------------+-------+-------+-------+-------+-------+-------+-------+-------+-------++-------
Melee: Mace              |   114 |   169 |       |       |       |       |       |       |       ||   283
       Flail             |       |    50 |   154 |       |       |       |       |       |       ||   204
       Punch             |       |       |     4 |       |       |       |       |       |       ||     4
       Quarterstaff      |       |       |   137 |   557 |       |       |       |       |       ||   694
       Demon trident     |       |       |       |   160 |  1358 |  1109 |   787 |       |       ||  3414
       War axe           |       |       |       |       |   164 |   277 |   310 |       |       ||   751
       Broad axe         |       |       |       |       |       |       |   472 |  1891 |  5125 ||  7488
       Headbutt          |       |       |       |       |       |       |       |       |   495 ||   495
       Unarmed           |       |       |       |       |       |       |       |       |     1 ||     1
Throw: Throwing net      |       |       |       |       |     1 |       |       |       |     1 ||     2
Invok: Heroism           |       |       |     7 |    16 |    23 |    13 |     5 |     4 |    21 ||    89
       Finesse           |       |       |       |     4 |     1 |     4 |     1 |     3 |    14 ||    27
       Donate Gold       |       |       |       |       |       |       |       |       |     2 ||     2
       Recite            |       |       |       |       |       |       |       |       |     1 ||     1
       Sanctuary         |       |       |       |       |       |       |       |       |     1 ||     1
 Abil: Fly               |       |       |       |       |     1 |       |       |       |       ||     1
Evoke: Wand              |       |     3 |       |     1 |       |       |       |       |       ||     4
  Use: Potion            |     1 |     1 |       |     3 |     1 |     1 |     1 |       |    13 ||    21
       Scroll            |       |     4 |     8 |     8 |    13 |     5 |    15 |     4 |    23 ||    80
 Stab: Sleeping          |     2 |     1 |       |     2 |       |       |       |       |       ||     5
       Held in net/web   |       |       |       |       |     1 |       |     1 |       |       ||     2
       Distracted        |       |       |       |       |       |       |       |     2 |       ||     2
       Confused          |       |       |       |       |       |       |       |     1 |     2 ||     3
  Eat: Chunk             |     1 |     9 |    13 |    22 |    32 |    22 |    31 |    24 |    30 ||   184
       Ration            |       |       |       |     1 |     2 |     3 |     2 |       |    18 ||    26
Armor: Ring mail         |    53 |    91 |       |       |       |       |       |       |       ||   144
       Scale mail        |       |     4 |   188 |   280 |       |       |       |       |       ||   472
       Chain mail        |       |     3 |       |       |       |       |       |       |       ||     3
       Plate armour      |       |       |       |   175 |  1058 |   592 |   729 |   269 |       ||  2823
       Gold dragon scale |       |       |       |       |       |       |       |   761 |  2505 ||  3266
       Skin              |       |       |       |       |       |       |       |       |     2 ||     2
Dodge: Dodged            |    82 |   133 |   173 |   320 |   380 |   200 |   338 |   304 |   868 ||  2798
Block: Buckler           |       |       |       |    29 |   149 |       |       |       |       ||   178
       Large shield      |       |       |       |       |   674 |  1228 |  1857 |  2124 |  5421 || 11304
       Reflection        |       |       |       |       |       |    79 |   143 |    69 |   130 ||   421
